 Dungeon Crawl Stone Soup version 0.27-a0-1139-g28e009f8a6 (webtiles) character file.

Game seed: 12809043413219737536

1654059 EnegeticOcto the Slayer (level 27, 319/319 HPs)
             Began as a Demonspawn Fighter on May 7, 2021.
             Was the Champion of Nemelex Xobeh.
             Escaped with the Orb
             ... and 3 runes!
             The game lasted 01:54:51 (77641 turns).

EnegeticOcto the Slayer (Demonspawn Fighter)       Turns: 77641, Time: 01:54:52

Health: 319/319    AC: 48    Str: 35    XL:     27
Magic:  39/39      EV: 17    Int: 14    God:    Nemelex Xobeh [******]
Gold:   2125       SH: 22    Dex: 17    Spells: 26/26 levels left

rFire    + . .     SeeInvis .   B - +9 eveningstar (vorpal)
rCold    + . .     Faith    .   R - +1 kite shield {rPois}
rNeg     . . .     Spirit   +   F - +9 gold dragon scales
rPois    +         Reflect  +   x - +2 helmet {Int+3}
rElec    .         Harm     .   s - +2 cloak {rPois}
rCorr    .         Rampage  .   (gloves unavailable)
Will     +++..                  N - +1 pair of boots "Vexuz" {Dex+7}
Stlth    ..........             o - amulet of Papseit {Reflect Str+6 SH+5}
HPRegen  0.63/turn              m - ring of willpower
MPRegen  0.52/turn              y - ring "Xyxy" {AC+4 Slay+3, =R}

@: studying 5 skills
A: claws 3, foul stench 3, robust 3, magic shield, magic regeneration, magic
link, sharp scales 3, clumsy 1
0: Orb of Zot
}: 3/15 runes: decaying, silver, gossamer
a: Renounce Religion, Draw Escape, Draw Destruction, Draw Summoning, Draw Stack,
Triple Draw, Deal Four, Stack Five


You escaped.
You worshipped Nemelex Xobeh.
Nemelex Xobeh was exalted by your worship.
You visited 10 branches of the dungeon, and saw 50 of its levels.
You visited the Abyss 2 times.
You also visited: Trove, Ice Cave and Volcano.

You collected 6927 gold pieces.
You spent 4802 gold pieces at shops.

Inventory:

Hand Weapons
 B - a +9 vorpal eveningstar (weapon)
   (You acquired it on level 11 of the Dungeon)
Missiles
 l - 7 throwing nets (quivered) {!f}
 v - 3 curare-tipped darts
Armour
 s - a +2 cloak of poison resistance (worn)
   (You took it off Nikola on level 3 of the Spider Nest)
 x - a +2 helmet of intelligence (worn)
   (You found it on level 4 of the Depths)
 F - +9 gold dragon scales (worn)
   (You found it on level 2 of the Depths)
 N - the +1 pair of boots "Vexuz" (worn) {Dex+7}
   (You found it on level 3 of the Elven Halls)

   It affects your dexterity (+7).
 R - a +1 kite shield of poison resistance (worn)
   (You found it on level 3 of the Dungeon)
Jewellery
 c - a ring of protection from fire
   (You found it on level 3 of the Dungeon)
 m - a ring of willpower (left claw)
   (You found it in an ice cave)
 o - the amulet of Papseit (around neck) {Reflect Str+6 SH+5}
   (You bought it in a shop on level 1 of the Depths)

   [amulet of reflection]

   It reflects blocked missile attacks.
   It affects your strength (+6).
   It affects your SH (+5).
 y - the ring "Xyxy" (right claw) {AC+4 Slay+3, =R}
   (You found it in an ice cave)

   [ring of protection]

   It affects your AC (+4).
   It affects your accuracy and damage with ranged weapons and melee attacks
   (+3).
 O - the ring of the Open Hand {Fly rElec}
   (You found it on level 8 of the Dungeon)

   [ring of flight]

   It insulates you from electricity.
   It grants you flight.
Wands
 a - a wand of polymorph (22)
   (You took it off a kobold on level 11 of the Dungeon)
 e - a wand of acid (30) {@v1}
   (You took it off Ijyb on level 3 of the Dungeon)
 h - a wand of iceblast (24) {@v2}
   (You found it on level 4 of the Spider Nest)
 p - a wand of paralysis (11)
   (You found it on level 4 of the Dungeon)
 K - a wand of flame (150) {@v4}
   (You took it off a centaur on level 8 of the Dungeon)
 S - a wand of digging (20) {@v3}
   (You found it on level 10 of the Dungeon)
Scrolls
 g - 3 scrolls of vulnerability
 i - 5 scrolls of fear {!r}
 j - a scroll of silence
 q - 24 scrolls of teleportation {@r3 !r}
 r - 5 scrolls of torment
 t - 9 scrolls of immolation
 A - a scroll of brand weapon
 E - 6 scrolls of blinking {@r4}
 I - 3 scrolls of fog {!r}
 V - 4 scrolls of holy word
 Z - a scroll of summoning
Potions
 b - 6 potions of magic
 d - 7 potions of might {@q3 !q}
 n - 3 potions of berserk rage
 u - 11 potions of heal wounds {@q2 !q}
 w - 4 potions of lignification {@q6}
 z - 11 potions of flight
 C - 8 potions of haste {@q4 !q}
 G - 6 potions of resistance
 M - 17 potions of curing {@q1 !q}
 Q - 7 potions of cancellation
 T - 5 potions of invisibility
 W - 7 potions of ambrosia
 X - 9 potions of attraction
 Y - 11 potions of mutation
Miscellaneous
 f - a condenser vane
   (You bought it in a shop on level 2 of the Orcish Mines)
 k - a tin of tremorstones (2/2)
   (You found it on level 11 of the Dungeon)
 H - a phantom mirror
   (You found it on level 2 of the Vaults)
 J - a lightning rod (4/4)
   (You found it on level 3 of the Elven Halls)
 L - a phial of floods
   (You found it on level 3 of the Elven Halls)
 P - a piece from Xom's chessboard (15/15)
   (You found it on level 9 of the Dungeon)


   Skills:
 + Level 26.3 Fighting
 - Level 16.0 Maces & Flails
 - Level 18.0 Armour
 - Level 20.0 Dodging
 - Level 15.0 Shields
 + Level 25.4 Invocations
 - Level 15.0 Evocations


You had 26 spell levels left.
You didn't know any spells.
Your spell library contained the following spells:

 Spells                   Type           Power      Damage    Failure   Level
 Animate Skeleton         Necr           0%         N/A       94%         1
 Apportation              Tloc           0%         N/A       94%         1
 Beastly Appendage        Tmut           0%         N/A       94%         1
 Corona                   Hex            0%         N/A       94%         1
 Foxfire                  Conj/Fire      0%         2x1d4     94%         1
 Magic Dart               Conj           0%         1d3       94%         1
 Pain                     Necr           0%         1d4       94%         1
 Sandblast                Erth           0%         2d4       94%         1
 Sting                    Tmut/Pois      0%         1d3       94%         1
 Summon Small Mammal      Summ           0%         N/A       94%         1
 Blink                    Tloc           N/A        N/A       98%         2
 Call Imp                 Summ           0%         N/A       98%         2
 Ensorcelled Hibernation  Hex/Ice        0%         N/A       98%         2
 Passwall                 Tmut/Erth      0%         N/A       98%         2
 Poisonous Vapours        Pois/Air       0%         N/A       98%         2
 Searing Ray              Conj           0%         3d3       98%         2
 Slow                     Hex            0%         N/A       98%         2
 Static Discharge         Conj/Air       0%         N/A       98%         2
 Call Canine Familiar     Summ           0%         N/A       100%        3
 Confusing Touch          Hex            0%         N/A       100%        3
 Conjure Flame            Conj/Fire      0%         6-21      100%        3
 Dazzling Flash           Conj/Hex       0%         N/A       100%        3
 Gell's Gravitas          Tloc           0%         N/A       100%        3
 Ignite Poison            Fire/Tmut/Pois 0%         N/A       100%        3
 Inner Flame              Hex/Fire       0%         N/A       100%        3
 Lesser Beckoning         Tloc           0%         N/A       100%        3
 Mephitic Cloud           Conj/Pois/Air  0%         N/A       100%        3
 Portal Projectile        Hex/Tloc       0%         N/A       100%        3
 Stone Arrow              Conj/Erth      0%         3d7       100%        3
 Summon Guardian Golem    Hex/Summ       0%         N/A       100%        3
 Swiftness                Air            0%         N/A       100%        3
 Teleport Other           Tloc           0%         N/A       100%        3
 Tukima's Dance           Hex            0%         N/A       100%        3
 Vampiric Draining        Necr           0%         2d6       100%        3
 Animate Armour           Summ/Erth      0%         N/A       100%        4
 Animate Dead             Necr           0%         N/A       100%        4
 Cause Fear               Hex            0%         N/A       100%        4
 Fulminant Prism          Conj/Hex       0%         3d6       100%        4
 Iskenderun's Mystic Bla  Conj/Tloc      0%         2d3       100%        4
 Leda's Liquefaction      Hex/Erth       0%         N/A       100%        4
 Olgreb's Toxic Radiance  Pois           0%         N/A       100%        4
 Passage of Golubria      Tloc           N/A        N/A       100%        4
 Petrify                  Tmut/Erth      0%         N/A       100%        4
 Sticky Flame             Conj/Fire      0%         2d3       100%        4
 Summon Ice Beast         Ice/Summ       0%         N/A       100%        4
 Summon Lightning Spire   Summ/Air       0%         N/A       100%        4
 Agony                    Necr           0%         N/A       100%        5
 Alistair's Intoxication  Tmut/Pois      0%         N/A       100%        5
 Bolt of Magma            Conj/Fire/Erth 0%         4d4       100%        5
 Borgnjor's Vile Clutch   Necr/Erth      0%         N/A       100%        5
 Fireball                 Conj/Fire      0%         3d3       100%        5
 Hydra Form               Tmut           0%         N/A       100%        5
 Iskenderun's Battlesphe  Conj           0%         2d6       100%        5
 Lee's Rapid Deconstruct  Erth           0%         3d5*      100%        5
 Lightning Bolt           Conj/Air       0%         1d11      100%        5
 Manifold Assault         Tloc           0%         N/A       100%        5
 Metabolic Englaciation   Hex/Ice        0%         N/A       100%        5
 Silence                  Hex/Air        0%         N/A       100%        5
 Yara's Violent Unravell  Hex/Tmut       0%         3d3       100%        5
 Conjure Ball Lightning   Conj/Air       0%         3x3d6     100%        6
 Death Channel            Necr           0%         N/A       100%        6
 Freezing Cloud           Conj/Ice/Air   0%         6-21      100%        6
 Invisibility             Hex            0%         N/A       100%        6
 Iron Shot                Conj/Erth      0%         9d1       100%        6
 Simulacrum               Ice/Necr       0%         N/A       100%        6
 Starburst                Conj/Fire      0%         8x6d3     100%        6
 Malign Gateway           Summ/Tloc      0%         N/A       100%        7
 Orb of Destruction       Conj           0%         N/A       100%        7
 Spellforged Servitor     Conj/Summ      0%         N/A       100%        7
 Chain Lightning          Conj/Air       0%         N/A       100%        8
 Discord                  Hex            0%         N/A       100%        8
 Ignition                 Fire           0%         3d3       100%        8
 Necromutation            Tmut/Necr      0%         N/A       100%        8
 Shatter                  Erth           0%         3d5*      100%        9
 Tornado                  Air            0%         N/A       100%        9


Dungeon Overview and Level Annotations

Branches:
Dungeon (15/15)            Temple (1/1) D:4            Lair (6/6) D:10
  Swamp (4/4) Lair:4       Spider (4/4) Lair:4        Slime (0/5) Lair:5
    Orc (2/2) D:10            Elf (3/3) Orc:2        Vaults (5/5) D:13
  Crypt (0/3) Vaults:2     Depths (5/5) D:15            Zot (5/5) Depths:5
  IceCv (visited)         Volcano (visited)

Altars:
Ashenzari
Cheibriados
Dithmenos
Elyvilon
Fedhas
Gozag
Hepliaklqana
Kikubaaqudgha
Makhleb
Nemelex Xobeh
Okawaru
Qazlal
Ru
Sif Muna
Trog
Uskayaw
Vehumet
Wu Jian
Xom
Yredelemnul
Zin
The Shining One
Beogh
Jiyva

Shops:
D:5 (   D:9 [   Orc:1 !   Orc:2 :*[*(   Elf:1 !   Vaults:1 (   Vaults:5 !:
Depths:1 :=:

Portals:
Hell: Depths:1 Depths:2 Depths:3 Depths:4 Depths:5
Abyss: Depths:2 Depths:4
Pandemonium: Depths:1 Depths:3
Ziggurat: Depths:2

Annotations:
D:5 3 runed translucent doors
D:8 Boris
Lair:5 1 runed translucent door
Elf:2 3 runed translucent doors
Vaults:1 2 runed translucent doors, Plog's ghost, adept DDFi
Vaults:2 3 runed translucent doors, Plog's ghost, adept FeBe
Depths:5 1 runed translucent door


Innate Abilities, Weirdness & Mutations

You have claws for hands.
You frequently emit foul miasma when damaged in melee.
You are extremely robust. (+30% HP)
When hurt, damage is shared between your health and your magic reserves.
You regenerate magic rapidly.
When low on magic, you restore magic in place of health.
You are completely covered in razor-sharp scales. (AC +3, Slay +3)
You are clumsy. (Dex -2)


Message History

(V) Vaults (C) Crypt (U) Depths (H) Hell (Z) Zot
Where to? (Enter - D:1 @ (x,y), ? - help)
What level of the Dungeon? (default 1, ? - help)
The sentinel's mark upon you fades away.
Magic restored.
A golden eye comes into view.
There is a stone staircase leading up here.
The golden eye turns its gaze towards you.
You climb upwards.
There is a stone staircase leading down here.
(D) Dungeon (T) Temple (L) Lair (S) Swamp (N) Spider Nest (M) Slime Pits (O) Orcish Mines (E) Elven Halls (V) Vaults (C) Crypt (U) Depths (H) Hell (Z) Zot
Where to? (Enter - D:1 @ (x,y), ? - help)
A smoke demon comes into view.
Unknown command.
The smoke demon misses you. You block the smoke demon's attack.
The smoke demon closely misses you.
You flatten the smoke demon like a pancake!!!
You kill the smoke demon!
No target in view!
(D) Dungeon (T) Temple (L) Lair (S) Swamp (N) Spider Nest (M) Slime Pits (O) Orcish Mines (E) Elven Halls (V) Vaults (C) Crypt (U) Depths (H) Hell (Z) Zot
Where to? (Enter - D:1 @ (x,y), ? - help)
There is a stone staircase leading up here.
You climb upwards.
There is a stone staircase leading down here.
There is a stone staircase leading up here.
You climb upwards.
There is a stone staircase leading down here.
HP restored.
Boris, Master of Life and Death comes into view.
He is wearing a +2 robe of willpower.
Boris is empowered by the presence of the orb!
Boris conjures a glowing orb.
An orb of destruction comes into view.
There is a stone staircase leading up here.
You climb upwards.
There is a stone staircase leading down here.
(D) Dungeon (T) Temple (L) Lair (S) Swamp (N) Spider Nest (M) Slime Pits (O) Orcish Mines (E) Elven Halls (V) Vaults (C) Crypt (U) Depths (H) Hell (Z) Zot
Where to? (Enter - D:1 @ (x,y), ? - help)
There is a stone staircase leading up here.
You climb upwards.
There is a stone staircase leading down here.
A sixfirhy comes into view.
Unknown command.
There is a stone staircase leading up here.
You climb upwards.
Level annotation: 3 runed translucent doors
There is a stone staircase leading down here.
(D) Dungeon (T) Temple (L) Lair (S) Swamp (N) Spider Nest (M) Slime Pits (O) Orcish Mines (E) Elven Halls (V) Vaults (C) Crypt (U) Depths (H) Hell (Z) Zot
Where to? (Enter - D:1 @ (x,y), ? - help)
A hellwing comes into view.
Unknown command.
The hellwing moves out of view.
(D) Dungeon (T) Temple (L) Lair (S) Swamp (N) Spider Nest (M) Slime Pits (O) Orcish Mines (E) Elven Halls (V) Vaults (C) Crypt (U) Depths (H) Hell (Z) Zot
Where to? (Enter - D:1 @ (x,y), ? - help)
There is a stone staircase leading up here.
You climb upwards.
There is a stone staircase leading down here.
There is an open door here.
A hellion comes into view.
Unknown command.
There is a stone staircase leading up here.
You climb upwards.
There is a stone staircase leading down here.
(D) Dungeon (T) Temple (L) Lair (S) Swamp (N) Spider Nest (M) Slime Pits (O) Orcish Mines (E) Elven Halls (V) Vaults (C) Crypt (U) Depths (H) Hell (Z) Zot
Where to? (Enter - D:1 @ (x,y), ? - help)
There is a stone staircase leading up here.
You climb upwards.
There is a stone staircase leading down here.
There is a stone staircase leading up here.
You climb upwards.
There is a stone staircase leading down here.
An efreet comes into view.
It is wielding a +4 scimitar of flaming.
Unknown command.
There is a staircase leading out of the dungeon here.
You impale the efreet!!
The efreet is severely wounded.
You block the efreet's attack.
You impale the efreet!!
You kill the efreet!
You hear a sizzling splash.
No target in view!
You have escaped!

...÷÷..#.........................
..#............#.................
..+........#####.................
.##.........§.§...§.###..........
..(......##§§§≈§≈≈≈.# #.....##...
........###.§§....§.###..........
.........##.≈§§...≈....##........
.........#..§..≈≈.≈.≈≈.##......)#
............≈.§≈@.≈..≈.##........
..........#.§..≈..≈..≈..#........
..........#.§≈§§.≈≈..≈...........
............§.§§.....≈§§.........
..#####.......§≈.....§§..........
.######........≈§≈≈≈≈§§#.........
.+....'........§§....§§#.........
.######.......#§.....###.........
..............#..................


There were no monsters in sight!

Vanquished Creatures
  3 orbs of fire (Zot:5)
  2 dread liches
  An ancient lich (Vaults:5)
  Mara (Vaults:5)
  Boris (Depths:5)
  Sojobo (Vaults:3)
  Saint Roka (Depths:4)
  the Lernaean hydra (Swamp:4)
  A caustic shrike (Depths:3)
  3 curse toes
  Nikola (Spider:3)
  the Enchantress (Depths:2)
  5 golden dragons
  The ghost of crabbyslav the Hand of Fortune, a veteran DsGl of Nemelex Xobeh (Depths:3)
  Arachne (Spider:4)
  An electric golem (Zot:2)
  13 tentacled monstrosities
  6 liches
  19 Orb Guardians
  The ghost of Zero the Eclecticist, an adept GrCj of Vehumet (Spider:3)
  3 deep elf blademasters
  8 deep elf master archers
  An ancient champion (Vaults:4)
  5 titans
  2 tentacled starspawn (Abyss:3)
  5 sphinxes
  5 tengu reavers
  6 death cobs
  17 storm dragons
  Kirke (Swamp:1)
  A thorn hunter (Swamp:2)
  4 draconian monks
  The ghost of Yhiokeel the Fencer, an adept DrGl of Ashenzari (Depths:2)
  4 shadow dragons
  11 fire giants
  A fenstrider witch (Swamp:4)
  13 frost giants
  6 deep elf sorcerers
  23 vault wardens
  5 draconian knights
  2 draconian scorchers
  3 draconian shifters
  9 ghost moths
  6 orc warlords
  6 iron dragons
  6 emperor scorpions
  2 ghouls (Swamp:2)
  A balrug (D:12)
  2 deep elf elementalists (Elf:3)
  A cacodemon (Abyss:3)
  A reaper (Depths:3)
  Louise (D:14)
  7 spriggan defenders
  A vampire knight (Vaults:4)
  2 draconian stormcallers
  2 draconian annihilators
  A caustic shrike skeleton (Depths:1)
  20 stone giants
  8 quicksilver oozes (Depths:2)
  12 very ugly things
  26 ironbound preservers
  3 deep elf demonologists
  3 war gargoyles
  6 green draconians
  Azrael (D:14)
  4 dire elephants
  5 white draconians
  13 spark wasps
  4 black draconians
  8 deep elf annihilators (Elf:3)
  7 purple draconians
  4 entropy weavers
  4 red draconians
  3 bunyips
  16 ettins
  4 yellow draconians
  18 fire dragons
  A crystal guardian (Vaults:3)
  11 deep elf death magi
  The ghost of Nolirgh the Fighter, a journeyman DjIE of Ru (Lair:3)
  2 eleionomae
  A shambling mangrove (Swamp:3)
  9 great orbs of eyes
  5 deep elf high priests
  Harold (D:7)
  44 vault guards
  10 boulder beetles
  4 rakshasas
  18 hydras
  6 ironbound thunderhulks
  20 yaktaur captains
  A monstrous demonspawn (Depths:3)
  A hell beast (Depths:1)
  13 ice dragons
  9 ironbound frosthearts
  2 catoblepae
  16 centaur warriors
  A peacekeeper (Vaults:3)
  An anaconda (shapeshifter) (Elf:2)
  2 ogre magi
  5 spriggan air magi
  A ghost crab (Swamp:4)
  Erica (Lair:1)
  21 dancing weapons
  17 alligators
  10 two-headed ogres
  4 tengu warriors
  13 deep troll shamans
  12 deep troll earth magi
  6 death yaks
  5 thrashing horrors (Abyss:3)
  Urug (Lair:3)
  6 ironbound beastmasters
  7 spriggan berserkers
  17 deep elf knights
  6 large abominations
  4 orc high priests
  5 hell knights
  4 sun demons
  3 wretched stars (Abyss:3)
  A fire crab (shapeshifter) (Vaults:5)
  A cherub (D:12)
  70 deep trolls
  5 iron trolls
  A golden dragon zombie (Depths:4)
  2 goliath frogs (Swamp:4)
  4 flayed ghosts
  4 death drakes
  13 deep elf archers
  3 skeletal warriors
  A death drake (shapeshifter) (Depths:5)
  2 spriggan druids
  2 spatial maelstroms (Abyss:3)
  An infernal demonspawn (Depths:1)
  A sea snake (shapeshifter) (Depths:3)
  11 swamp dragons
  16 wizards
  Pikel (D:6)
  2 golden dragon skeletons
  A shadow demon (Depths:5)
  A torturous demonspawn (Depths:1)
  6 phantasmal warriors
  3 glowing orange brains
  A sphinx zombie (Vaults:3)
  7 bog bodies
  21 ironbound convokers
  14 lindwurms
  13 necromancers
  16 orb spiders
  19 wolf spiders
  20 orc knights
  A shadow dragon skeleton (Depths:1)
  13 harpies
  56 ugly things
  37 deep elf zephyrmancers
  A worldbinder (Abyss:3)
  5 orc sorcerers
  2 will-o-the-wisps
  2 stone giant zombies
  25 deep elf pyromancers
  10 cyclopes
  A fire giant zombie (Depths:1)
  2 manticores
  7 elephants
  A salamander (Elf:3)
  6 black mambas
  24 moths of wrath
  Joseph (D:7)
  An elephant (shapeshifter) (Elf:3)
  A water nymph (Swamp:2)
  2 fire giant skeletons
  A guardian serpent (shapeshifter) (D:14)
  An elf zombie (Vaults:3)
  2 molten gargoyles (Lair:6)
  Maurice (D:10)
  A frost giant skeleton (D:15)
  3 smoke demons
  An apocalypse crab (Abyss:3)
  16 vault sentinels
  11 cane toads
  2 gargoyles
  2 ice statues (IceCv)
  2 torpor snails
  A torpor snail (shapeshifter) (Elf:3)
  4 orange demons
  Maggie (D:10)
  An unseen horror (D:12)
  13 demonic crawlers
  7 rime drakes
  12 komodo dragons
  3 efreet
  35 yaktaurs
  7 ice devils
  4 tengu conjurers
  4 freezing wraiths
  3 elf skeletons
  2 hellwings (Depths:1)
  A komodo dragon (shapeshifter) (Depths:2)
  5 meliai
  A queen bee (Lair:6)
  4 red devils (Depths:1)
  9 trolls
  6 polar bears
  3 tyrant leeches
  A wolf spider simulacrum (Vaults:1)
  28 jumping spiders
  A wind drake (D:14)
  An ettin zombie (Vaults:3)
  Prince Ribbit (D:5)
  A snapping turtle (shapeshifter) (D:15)
  32 slime creatures
  23 hornets
  9 blink frogs
  A dream sheep (shapeshifter) (Vaults:5)
  9 raiju (Abyss:3)
  6 dream sheep (Lair:3)
  A redback (shapeshifter) (Depths:3)
  3 air elementals
  34 yaks
  7 spriggans
  6 starcursed masses (Abyss:3)
  27 tarantellas
  6 water elementals
  64 redbacks
  A shadow (D:10)
  5 basilisks
  5 hogs (Swamp:1)
  A ynoxinul (Depths:1)
  A fire bat (shapeshifter) (Depths:2)
  3 fire elementals
  9 wyverns
  A basilisk (shapeshifter) (D:8)
  15 vampire mosquitoes
  8 steam dragons
  2 human simulacra
  A human (shapeshifter) (Depths:2)
  2 chaos spawn
  15 swamp worms
  Duvessa (D:6)
  9 wargs
  2 spatial vortices (Abyss:3)
  11 hell hounds
  12 water moccasins
  A floating eye (shapeshifter) (Vaults:5)
  2 floating eyes
  7 swamp drakes
  9 ice beasts
  33 orc warriors
  9 wolves
  A sky beast (D:7)
  A black bear (D:7)
  2 necrophages
  A boggart (Elf:1)
  A tengu (Lair:6)
  6 ogres
  6 centaurs
  3 small abominations
  A lemure (D:6)
  A phantom (D:7)
  A human zombie (Vaults:1)
  2 kobold brigands
  12 bullfrogs
  4 gnoll sergeants
  A scorpion (D:4)
  Dowan (D:6)
  A water moccasin zombie (D:6)
  8 killer bees
  13 electric eels
  11 wights
  3 howler monkeys
  4 centaur zombies
  A jelly (D:4)
  4 lava snakes (Lair:6)
  2 bullfrog zombies
  4 hounds
  Crazy Yiuf (D:4)
  8 orc priests
  2 bullfrog skeletons (D:7)
  3 centaur skeletons
  A gnoll shaman (D:9)
  Ijyb (D:3)
  2 iguanas
  Natasha (thrice) (D:2)
  10 orc wizards
  2 killer bee zombies
  14 gnolls
  5 adders
  16 white imps
  9 ufetubi
  An adder skeleton (D:4)
  5 worms
  3 dart slugs
  58 orcs
  7 bats
  9 endoplasms
  5 giant cockroaches
  8 goblins
  9 hobgoblins
  10 jackals
  26 kobolds
  3 quokkas
  4 ball pythons
  7 frilled lizards
  A goblin skeleton (D:5)
  A goblin zombie (D:5)
  A jackal skeleton (D:5)
  4 rats
  3 starspawn tentacles (Abyss:3)
2128 creatures vanquished.

Vanquished Creatures (collateral kills)
  Mennas (Depths:5)
  A Killer Klown (Zot:5)
  A curse toe (Zot:5)
  An electric golem (Zot:5)
  5 Orb Guardians (Zot:5)
  An iron dragon (Depths:5)
  A great orb of eyes (D:14)
  A manticore (D:14)
  2 demonic crawlers (Spider:3)
  A vampire mosquito (D:8)
  An ice beast (D:8)
  2 howler monkeys (D:8)
18 creatures vanquished.

Vanquished Creatures (others)
  A golden dragon (Vaults:5)
  A deep elf master archer (Elf:3)
  A ghost moth (shapeshifter) (Vaults:5)
  A reaper (IceCv)
  A vampire knight (Vaults:4)
  A deep elf knight (Elf:3)
  A necromancer (Depths:5)
  4 bloated husks
  2 redbacks (Spider:1)
  2 vampire mosquitoes (Swamp:2)
  2 humans (Swamp:1)
  A white imp (IceCv)
  2 ufetubi (IceCv)
  3 demonic plants (Abyss:3)
  12 foxfires
  38 fungi
  39 plants
  3 starspawn tentacles (Abyss:3)
  12 withered plants (D:15)
127 creatures vanquished.

Grand Total: 2273 creatures vanquished

Notes
Turn   | Place    | Note
-------+----------+-------------------------------------------
     0 | D:1      | EnegeticOcto the Demonspawn Fighter began the quest for the
                  | Orb.
     0 | D:1      | Reached XP level 1. HP: 18/18 MP: 1/1
   180 | D:1      | Reached skill level 2 in Maces & Flails
   317 | D:1      | Gained mutation: You are partially covered in razor-sharp
                  | scales. (AC +1, Slay +1) [demonic ancestry]
   317 | D:1      | Reached XP level 2. HP: 2/24 MP: 0/2
   804 | D:1      | Reached skill level 3 in Maces & Flails
  1045 | D:1      | Gained mutation: You may rarely emit foul miasma when
                  | damaged in melee. [demonic ancestry]
  1045 | D:1      | Reached XP level 3. HP: 29/29 MP: 3/3
  1340 | D:1      | You fall into a shaft and drop 1 floor!
  1340 | D:2      | Noticed Natasha
  1350 | D:2      | Killed Natasha
  1354 | D:2      | Noticed Natasha
  1371 | D:2      | Reached skill level 4 in Maces & Flails
  1371 | D:2      | Gained mutation: You sometimes emit foul miasma when
                  | damaged in melee. [demonic ancestry]
  1371 | D:2      | Reached XP level 4. HP: 12/35 MP: 4/4
  1624 | D:2      | Killed Natasha
  1704 | D:2      | Noticed Natasha
  1950 | D:2      | Killed Natasha
  1951 | D:2      | Reached XP level 5. HP: 41/41 MP: 5/5
  2171 | D:2      | Found a faded altar of an unknown god.
  2203 | D:2      | Reached skill level 5 in Maces & Flails
  2524 | D:3      | Noticed Ijyb
  2557 | D:3      | Killed Ijyb
  3500 | D:4      | Reached skill level 6 in Maces & Flails
  3500 | D:4      | Gained mutation: You regenerate magic rapidly. [demonic
                  | ancestry]
  3500 | D:4      | Reached XP level 6. HP: 41/47 MP: 4/6
  3820 | D:4      | Found a staircase to the Ecumenical Temple.
  3832 | Temple   | Entered the Ecumenical Temple
  4346 | D:4      | Found a sparkling altar of Nemelex Xobeh.
  4350 | D:4      | Became a worshipper of Nemelex Xobeh the Trickster
  4515 | D:4      | Reached skill level 1 in Invocations
  4597 | D:4      | Found a runed translucent door.
  4598 | D:4      | Noticed Crazy Yiuf
  4781 | D:4      | Killed Crazy Yiuf
  4886 | D:5      | Entered Level 5 of the Dungeon
  4886 | D:5      | Found a stormy altar of Qazlal.
  4907 | D:5      | Reached XP level 7. HP: 42/52 MP: 6/8
  4977 | D:5      | Reached skill level 2 in Invocations
  5003 | D:5      | Found Yggyo's Weapon Boutique.
  5080 | D:5      | Reached skill level 7 in Maces & Flails
  5106 | D:5      | Noticed Prince Ribbit
  5137 | D:5      | Killed Prince Ribbit
  5138 | D:5      | Reached skill level 3 in Invocations
  5470 | D:5      | Reached skill level 8 in Maces & Flails
  5696 | D:5      | Found an ornate altar of the Wu Jian Council.
  5696 | D:5      | Found a hide-covered altar of Uskayaw.
  5758 | D:5      | Noticed a human
  5759 | D:5      | Found a runed translucent door.
  5766 | D:5      | Found a basalt altar of Yredelemnul.
  5866 | D:5      | Reached * piety under Nemelex Xobeh
  5908 | D:5      | Found a runed translucent door.
  5910 | D:5      | Found a runed translucent door.
  5911 | D:5      | Noticed a vampire mosquito
  6189 | D:6      | Gained mutation: You have sharp fingernails. [demonic
                  | ancestry]
  6189 | D:6      | Reached XP level 8. HP: 58/58 MP: 10/10
  6220 | D:6      | Found a hazy altar of Hepliaklqana.
  6266 | D:6      | Received a gift from Nemelex Xobeh
  6395 | D:6      | Noticed Duvessa
  6395 | D:6      | Noticed Dowan
  6407 | D:6      | Killed Duvessa
  6409 | D:6      | Reached skill level 9 in Maces & Flails
  6412 | D:6      | Killed Dowan
  7049 | D:6      | Reached skill level 10 in Maces & Flails
  7218 | D:6      | Noticed Pikel
  7262 | D:6      | Killed Pikel
  7263 | D:6      | Gained mutation: You are mostly covered in razor-sharp
                  | scales. (AC +2, Slay +2) [demonic ancestry]
  7263 | D:6      | Reached XP level 9. HP: 20/63 MP: 5/11
  7538 | D:7      | Noticed Harold
  7548 | D:7      | Killed Harold
  7549 | D:7      | Reached skill level 11 in Maces & Flails
  7754 | D:7      | Received a gift from Nemelex Xobeh
  7767 | D:7      | Reached skill level 12 in Maces & Flails
  7787 | D:7      | Noticed Joseph
  7792 | D:7      | Reached ** piety under Nemelex Xobeh
  7803 | D:7      | Killed Joseph
  8346 | D:7      | Gained mutation: You have very sharp fingernails. [demonic
                  | ancestry]
  8346 | D:7      | Reached XP level 10. HP: 70/70 MP: 12/12
  8694 | D:8      | Noticed a skeletal warrior
  8718 | D:8      | Identified the ring of Fump {Fly rCorr EV+4 Dex-3 Slay-6}
  8718 | D:8      | Noticed a centaur warrior
  8726 | D:8      | Killed a centaur warrior
  8727 | D:8      | Reached skill level 4 in Fighting
  8727 | D:8      | Reached skill level 13 in Maces & Flails
  8730 | D:8      | Killed a skeletal warrior
  9022 | D:8      | Noticed a two-headed ogre
  9030 | D:8      | Killed a two-headed ogre
  9031 | D:8      | Reached skill level 5 in Fighting
  9160 | D:8      | Identified the ring "Bauw" {Fly rF- rC++ Dex+6 Stlth+}
  9200 | D:8      | Identified the ring "Ithesi Ufi" {rC+ Int-5 Dex+7}
  9205 | D:8      | Noticed a cyclops
  9350 | D:8      | Killed a cyclops
  9351 | D:8      | Reached skill level 6 in Fighting
  9379 | D:8      | Received a gift from Nemelex Xobeh
  9393 | D:8      | Identified the ring of the Open Hand {Fly rElec}
  9426 | D:8      | Noticed a gargoyle
  9434 | D:8      | Killed a gargoyle
 10412 | D:9      | Gained mutation: You frequently emit foul miasma when
                  | damaged in melee. [demonic ancestry]
 10412 | D:9      | Reached XP level 11. HP: 74/83 MP: 11/13
 10426 | D:9      | Reached skill level 7 in Fighting
 10835 | D:9      | Noticed a two-headed ogre
 10841 | D:9      | Killed a two-headed ogre
 10842 | D:9      | Reached skill level 14 in Maces & Flails
 10911 | D:9      | Found a shimmering altar of Xom.
 11148 | D:9      | Found Yzesiaje's Antique Armour Boutique.
 11308 | D:9      | Bought a runed chain mail for 210 gold pieces
 11331 | D:10     | Entered Level 10 of the Dungeon
 11331 | D:10     | Noticed Maurice
 11337 | D:10     | Reached *** piety under Nemelex Xobeh
 11341 | D:10     | Killed Maurice
 11374 | D:10     | Reached skill level 1 in Evocations
 11421 | D:10     | Noticed Maggie
 11429 | D:10     | Killed Maggie
 11542 | D:10     | Reached skill level 8 in Fighting
 11542 | D:10     | Reached skill level 4 in Invocations
 11613 | D:10     | You fall into a shaft and drop 1 floor!
 11625 | D:10     | Found a staircase to the Orcish Mines.
 11684 | D:10     | Reached skill level 2 in Evocations
 11715 | D:10     | Reached skill level 5 in Invocations
 11737 | D:10     | Reached skill level 3 in Evocations
 12093 | D:10     | Found a staircase to the Lair.
 12355 | D:10     | Found an iron altar of Okawaru.
 12841 | D:11     | Identified a scroll of acquirement
 12841 | D:11     | Acquired a +4 eveningstar of protection
 13064 | D:11     | Noticed a two-headed ogre
 13080 | D:11     | Killed a two-headed ogre
 13113 | D:11     | Reached skill level 1 in Dodging
 13120 | D:11     | Reached skill level 3 in Armour
 13328 | D:11     | Reached skill level 3 in Shields
 13423 | D:11     | Reached skill level 4 in Evocations
 13706 | D:11     | Reached skill level 2 in Dodging
 14094 | D:11     | Reached skill level 6 in Invocations
 14207 | D:11     | Noticed an orc knight
 14211 | D:11     | Noticed an orc sorcerer
 14213 | D:11     | Noticed a soul eater
 14214 | D:11     | Killed an orc knight
 14216 | D:11     | Killed an orc sorcerer
 14217 | D:11     | Reached skill level 4 in Armour
 14222 | D:11     | Reached XP level 12. HP: 70/94 MP: 12/16
 14445 | D:11     | Received a gift from Nemelex Xobeh
 14542 | Lair:1   | Entered Level 1 of the Lair of Beasts
 14551 | Lair:1   | Noticed Erica
 14560 | Lair:1   | Killed Erica
 14561 | Lair:1   | Reached skill level 3 in Dodging
 14618 | Lair:1   | Found a dark tunnel.
 14625 | Lair:1   | Reached **** piety under Nemelex Xobeh
 14634 | Volcano  | Entered a volcano
 14644 | Volcano  | Reached skill level 9 in Fighting
 14731 | Volcano  | Reached skill level 4 in Dodging
 14731 | Volcano  | Reached skill level 4 in Shields
 14731 | Volcano  | Reached skill level 7 in Invocations
 15151 | Volcano  | Noticed a fire dragon
 15164 | Volcano  | Killed a fire dragon
 15315 | Lair:1   | Received a gift from Nemelex Xobeh
 15447 | Lair:1   | Reached skill level 8 in Invocations
 15583 | Lair:1   | Identified the +10 dagger of Evisceration {vorpal, *Noise
                  | rElec Str+3}
 15686 | Lair:1   | Reached skill level 5 in Shields
 16271 | Lair:2   | Noticed a boulder beetle
 16446 | Lair:2   | Reached skill level 10 in Fighting
 16452 | Lair:2   | Killed a boulder beetle
 16638 | Lair:2   | Noticed a five-headed hydra
 16648 | Lair:2   | Killed a five-headed hydra
 16649 | Lair:2   | Reached skill level 6 in Shields
 17158 | Lair:2   | Reached XP level 13. HP: 100/103 MP: 19/19
 17867 | Lair:3   | Found a runed translucent door.
 17867 | Lair:3   | Noticed Nolirgh's ghost (journeyman DjIE)
 17903 | Lair:3   | Reached skill level 15 in Maces & Flails
 17913 | Lair:3   | Reached skill level 7 in Shields
 18088 | Lair:3   | Killed Nolirgh's ghost
 18107 | Lair:3   | Received a gift from Nemelex Xobeh
 18253 | Lair:3   | Noticed Urug
 18265 | Lair:3   | Killed Urug
 18305 | Lair:3   | Received a gift from Nemelex Xobeh
 18881 | Lair:4   | Reached skill level 8 in Shields
 18942 | Lair:4   | Found a staircase to the Swamp.
 18954 | Lair:4   | Found a hole to the Spider Nest.
 19029 | Lair:4   | Reached ***** piety under Nemelex Xobeh
 19356 | Lair:4   | Received a gift from Nemelex Xobeh
 19594 | Lair:5   | Found a runed translucent door.
 19594 | Lair:5   | Received a gift from Nemelex Xobeh
 19594 | Lair:5   | Noticed an acid blob
 19595 | Lair:5   | Found a viscous altar of Jiyva.
 19595 | Lair:5   | Found a staircase to the Slime Pits.
 20044 | Lair:5   | Received a gift from Nemelex Xobeh
 20230 | Lair:5   | Reached skill level 9 in Shields
 20621 | Lair:6   | Entered Level 6 of the Lair of Beasts
 20639 | Lair:6   | Killed a ghost moth
 20640 | Lair:6   | Reached skill level 16 in Maces & Flails
 20881 | Lair:6   | Reached skill level 10 in Shields
 20881 | Lair:6   | Gained mutation: When hurt, damage is shared between your
                  | health and your magic reserves. [demonic ancestry]
 20881 | Lair:6   | Reached XP level 14. HP: 91/110 MP: 17/20
 21135 | Lair:6   | Received a gift from Nemelex Xobeh
 21135 | Lair:6   | Identified the +1 leather armour of the Sturgeon {Str+4
                  | SInv}
 21489 | Lair:6   | Received a gift from Nemelex Xobeh
 21757 | Lair:6   | Reached skill level 11 in Shields
 21916 | Lair:6   | Found a large runed translucent door.
 21916 | Lair:6   | Found a large runed translucent door.
 22827 | D:12     | Reached skill level 12 in Shields
 24023 | D:12     | Received a gift from Nemelex Xobeh
 24301 | D:13     | Found a gate to the Vaults.
 24343 | D:13     | Reached skill level 13 in Shields
 24482 | D:13     | Found a frozen archway.
 24500 | IceCv    | Entered an ice cave
 24650 | IceCv    | Killed a reaper
 24733 | IceCv    | Reached ****** piety under Nemelex Xobeh
 24887 | IceCv    | Identified the ring "Xyxy" {AC+4 Slay+3}
 25139 | D:13     | Received a gift from Nemelex Xobeh
 25306 | D:13     | Gained mutation: You have claws for hands. [demonic
                  | ancestry]
 25306 | D:13     | Reached XP level 15. HP: 99/115 MP: 17/21
 25365 | D:13     | Found a blossoming altar of Fedhas.
 25587 | D:13     | Reached skill level 14 in Shields
 25705 | D:13     | Noticed Frances
 25706 | D:13     | Noticed Frances
 25706 | D:13     | Frances changed into Frances the storm dragon
 25717 | D:13     | Killed Frances the storm dragon
 25913 | Orc:1    | Entered Level 1 of the Orcish Mines
 26028 | Orc:1    | Found Xop Hub's Distillery.
 26107 | Orc:1    | Bought a potion of curing for 54 gold pieces
 26107 | Orc:1    | Bought a potion of attraction for 54 gold pieces
 26107 | Orc:1    | Bought a potion of magic for 144 gold pieces
 26221 | Orc:1    | Received a gift from Nemelex Xobeh
 26573 | Orc:2    | Entered Level 2 of the Orcish Mines
 26661 | Orc:2    | Found Rynk's Antique Armour Boutique.
 26882 | Orc:2    | Found Buiz's Book Boutique.
 27097 | Orc:2    | Found a staircase to the Elven Halls.
 27166 | Orc:2    | Noticed an orc warlord
 27166 | Orc:2    | Found Hehet's General Store.
 27442 | Orc:2    | Found Buohinwo's Antique Weapon Shoppe.
 27633 | Orc:2    | Found Anaaruhe's Assorted Antiques.
 27635 | Orc:2    | Received a gift from Nemelex Xobeh
 27645 | Orc:2    | Reached skill level 15 in Shields
 28367 | Orc:2    | Killed an orc warlord
 28415 | Orc:2    | Bought a potion of curing for 45 gold pieces
 28415 | Orc:2    | Bought a potion of heal wounds for 75 gold pieces
 28607 | Orc:2    | Bought a scroll of fog for 40 gold pieces
 28607 | Orc:2    | Bought a condenser vane for 800 gold pieces
 28607 | Orc:2    | Bought a potion of resistance for 200 gold pieces
 28648 | Orc:1    | Bought a potion of resistance for 180 gold pieces
 28648 | Orc:1    | Bought a potion of might for 72 gold pieces
 28737 | D:14     | Noticed Louise
 28753 | D:14     | Killed Louise
 28923 | D:14     | Noticed Azrael
 28940 | D:14     | Killed Azrael
 28947 | D:14     | Identified the +2 trident of Pupti {flame, Will++ Dex-3}
 28951 | D:14     | Reached skill level 9 in Invocations
 29260 | D:14     | Reached skill level 5 in Armour
 29260 | D:14     | Reached skill level 5 in Dodging
 29414 | D:14     | Noticed Nessos
 29416 | D:14     | Noticed Nessos
 29416 | D:14     | Nessos changed into Nessos the wind drake
 29426 | D:14     | Killed Nessos the wind drake
 29978 | D:14     | Found a shadowy altar of Dithmenos.
 29985 | D:14     | Received a gift from Nemelex Xobeh
 30342 | D:15     | Entered Level 15 of the Dungeon
 30405 | D:15     | Received a gift from Nemelex Xobeh
 30782 | D:15     | Reached skill level 10 in Invocations
 30814 | D:15     | Reached XP level 16. HP: 95/124 MP: 23/23
 30869 | D:15     | Reached skill level 11 in Fighting
 30869 | D:15     | Reached skill level 6 in Armour
 30869 | D:15     | Reached skill level 6 in Dodging
 31435 | D:15     | Received a gift from Nemelex Xobeh
 31595 | D:15     | Found a staircase to the Depths.
 31943 | Spider:1 | Entered Level 1 of the Spider Nest
 32494 | Spider:1 | Reached skill level 11 in Invocations
 33153 | Spider:2 | Reached skill level 7 in Dodging
 33219 | Spider:2 | Received a gift from Nemelex Xobeh
 33236 | Spider:2 | Reached skill level 7 in Armour
 34112 | Spider:2 | Received a gift from Nemelex Xobeh
 34447 | Spider:3 | Noticed Nikola
 34467 | Spider:3 | Killed Nikola
 34882 | Spider:3 | Reached skill level 12 in Fighting
 35153 | Spider:3 | Received a gift from Nemelex Xobeh
 35163 | Spider:3 | Reached skill level 12 in Invocations
 35720 | Spider:4 | Entered Level 4 of the Spider Nest
 35819 | Spider:4 | Reached skill level 8 in Dodging
 35833 | Spider:4 | Reached skill level 8 in Armour
 35842 | Spider:4 | Noticed Arachne
 35873 | Spider:4 | Killed Arachne
 35874 | Spider:4 | Gained mutation: You are robust. (+10% HP) [demonic
                  | ancestry]
 35874 | Spider:4 | Reached XP level 17. HP: 87/148 MP: 22/26
 36113 | Spider:4 | Found a runed translucent gate.
 36113 | Spider:4 | Found a runed translucent gate.
 36114 | Spider:4 | Found a runed translucent gate.
 36115 | Spider:4 | Noticed Zero's ghost (adept GrCj)
 36212 | Spider:4 | Received a gift from Nemelex Xobeh
 36394 | Spider:4 | Reached skill level 13 in Invocations
 36452 | Spider:4 | Reached skill level 9 in Armour
 36498 | Spider:4 | Reached skill level 13 in Fighting
 36909 | Spider:4 | Got a gossamer rune of Zot
 37759 | Spider:3 | Killed Zero's ghost
 37877 | Spider:4 | Identified the +1 chain mail of the Barracuda {Str+4}
 37882 | Spider:4 | Reached skill level 14 in Fighting
 37882 | Spider:4 | Reached XP level 18. HP: 160/160 MP: 28/28
 37965 | Swamp:1  | Entered Level 1 of the Swamp
 37965 | Swamp:1  | Received a gift from Nemelex Xobeh
 37980 | Swamp:1  | Reached skill level 14 in Invocations
 38211 | Swamp:1  | Gained mutation: When low on magic, you restore magic in
                  | place of health. [demonic ancestry]
 38211 | Swamp:1  | Reached XP level 19. HP: 168/168 MP: 29/29
 38292 | Swamp:1  | Noticed Kirke
 38301 | Swamp:1  | Killed Kirke
 38509 | Swamp:1  | Received a gift from Nemelex Xobeh
 38690 | Swamp:1  | Received a gift from Nemelex Xobeh
 38867 | Swamp:2  | Reached skill level 10 in Armour
 38887 | Swamp:2  | Reached skill level 15 in Fighting
 39533 | Swamp:3  | Reached skill level 15 in Invocations
 39843 | Swamp:3  | Reached skill level 5 in Evocations
 40300 | Swamp:3  | Received a gift from Nemelex Xobeh
 40440 | Swamp:4  | Entered Level 4 of the Swamp
 40885 | Swamp:4  | Reached skill level 6 in Evocations
 40885 | Swamp:4  | Gained mutation: You are very robust. (+20% HP) [demonic
                  | ancestry]
 40885 | Swamp:4  | Reached XP level 20. HP: 109/195 MP: 25/31
 41478 | Swamp:4  | Noticed the 27-headed Lernaean hydra
 41484 | Swamp:4  | Reached skill level 7 in Evocations
 41487 | Swamp:4  | Reached skill level 16 in Fighting
 41490 | Swamp:4  | Killed the 27-headed Lernaean hydra
 41491 | Swamp:4  | Reached skill level 8 in Evocations
 41550 | Swamp:4  | Got a decaying rune of Zot
 41585 | Swamp:4  | Received a gift from Nemelex Xobeh
 41860 | Elf:1    | Entered Level 1 of the Elven Halls
 42075 | Elf:1    | Cast into level 3 of the Abyss (a wizard)
 42241 | Abyss:3  | Paralysed by accursed screaming for 1 turns
 42423 | Abyss:3  | Identified the +0 leather armour of Dice, Bag, and Bottle
                  | {+Blink rF- Regen+}
 42566 | Abyss:3  | Received a gift from Nemelex Xobeh
 42607 | Abyss:3  | Reached skill level 9 in Evocations
 42698 | Elf:1    | Escaped the Abyss
 43123 | Elf:1    | Received a gift from Nemelex Xobeh
 43402 | Elf:1    | Found Cakont's Distillery.
 43408 | Elf:1    | Bought a potion of curing for 57 gold pieces
 43408 | Elf:1    | Bought a potion of mutation for 152 gold pieces
 43408 | Elf:1    | Bought a potion of mutation for 152 gold pieces
 43459 | Elf:1    | Reached skill level 10 in Evocations
 43494 | Elf:1    | Reached skill level 17 in Fighting
 44746 | Elf:2    | Reached skill level 18 in Fighting
 44784 | Elf:2    | Reached XP level 21. HP: 96/212 MP: 25/32
 45147 | Elf:2    | Received a gift from Nemelex Xobeh
 45256 | Elf:2    | Found a runed translucent gate.
 45256 | Elf:2    | Found a runed translucent gate.
 45258 | Elf:2    | Found a runed translucent gate.
 45305 | Elf:3    | Entered Level 3 of the Elven Halls
 45780 | Elf:3    | Cast into level 3 of the Abyss (a deep elf sorcerer)
 45809 | Abyss:3  | Paralysed by a hornet for 3 turns
 45923 | Elf:3    | Escaped the Abyss
 46164 | Elf:3    | Received a gift from Nemelex Xobeh
 46403 | Elf:3    | Identified the +10 quarterstaff "Ynnitie" {pain, rPois rF+
                  | Dex+3}
 46557 | Elf:3    | Reached skill level 19 in Fighting
 47427 | Elf:3    | Identified the ring of Duicw {rElec rPois rC+ Will- Int+5}
 47563 | Elf:3    | Reached skill level 20 in Fighting
 47753 | Elf:3    | Found the +6 arbalest "Damnation" {damnation}
 47756 | Elf:3    | Identified the +9 morningstar of Compassion {protect,
                  | Fragile Fly rPois Dex+5}
 47850 | Elf:3    | Identified the Tome of the Creative Mountains
 47853 | Elf:3    | Identified the +1 pair of boots "Vexuz" {Dex+7}
 48232 | Vaults:1 | Entered Level 1 of the Vaults
 48492 | Vaults:1 | Found Tamig's Weapon Shoppe.
 48766 | Vaults:1 | Reached skill level 9 in Dodging
 49064 | Vaults:1 | Received a gift from Nemelex Xobeh
 49080 | Vaults:1 | Found a large runed translucent door.
 49080 | Vaults:1 | Found a large runed translucent door.
 49080 | Vaults:1 | Noticed Plog's ghost (adept DDFi)
 49132 | Vaults:1 | Paralysed by a great orb of eyes for 3 turns
 49142 | Vaults:1 | Reached skill level 16 in Invocations
 49342 | Vaults:1 | Reached skill level 11 in Armour
 49433 | Vaults:1 | You fall into a shaft and drop 1 floor!
 49466 | Vaults:2 | Found a staircase to the Crypt.
 49466 | Vaults:2 | Found a basalt altar of Yredelemnul.
 49467 | Vaults:2 | Found an ancient bone altar of Kikubaaqudgha.
 49483 | Vaults:2 | Received a gift from Nemelex Xobeh
 49563 | Vaults:2 | Gained mutation: You are completely covered in razor-sharp
                  | scales. (AC +3, Slay +3) [demonic ancestry]
 49563 | Vaults:2 | Reached XP level 22. HP: 225/228 MP: 34/34
 50157 | Vaults:1 | Received a gift from Nemelex Xobeh
 50249 | Vaults:1 | Reached skill level 10 in Dodging
 50770 | Vaults:1 | You fall into a shaft and drop 1 floor!
 50801 | Vaults:2 | Reached skill level 17 in Invocations
 51256 | Vaults:2 | Received a gift from Nemelex Xobeh
 51391 | Vaults:2 | You fall into a shaft and drop 1 floor!
 51529 | Vaults:3 | Reached skill level 12 in Armour
 51725 | Vaults:2 | Found a runed translucent gate.
 51726 | Vaults:2 | Found a runed translucent gate.
 51726 | Vaults:2 | Found a runed translucent gate.
 51726 | Vaults:2 | Noticed Plog's ghost (adept FeBe)
 51934 | Vaults:2 | Received a gift from Nemelex Xobeh
 52149 | Vaults:2 | Found an iron altar of Okawaru.
 52431 | Vaults:1 | Reached skill level 11 in Dodging
 53352 | Vaults:3 | Noticed Sojobo
 53723 | Vaults:3 | Reached skill level 18 in Invocations
 53862 | Vaults:3 | Received a gift from Nemelex Xobeh
 54490 | Vaults:3 | Killed Sojobo
 54749 | Vaults:3 | Received a gift from Nemelex Xobeh
 54807 | Vaults:3 | Reached skill level 13 in Armour
 54992 | Vaults:3 | Reached skill level 12 in Dodging
 54997 | Vaults:3 | Reached XP level 23. HP: 178/235 MP: 34/36
 55676 | Vaults:3 | Received a gift from Nemelex Xobeh
 55886 | Vaults:4 | Found a portal to a secret trove of treasure.
 56425 | Vaults:4 | Reached skill level 14 in Armour
 56435 | Vaults:4 | Reached skill level 13 in Dodging
 57008 | Vaults:4 | Reached skill level 14 in Dodging
 57937 | Vaults:4 | Reached skill level 15 in Dodging
 58137 | Vaults:4 | Received a gift from Nemelex Xobeh
 58453 | Vaults:4 | You paid a toll of 6 scrolls of fear to enter a treasure
                  | trove
 58454 | Trove    | Entered a treasure trove
 58474 | Trove    | Found the +9 staff of Olgreb {rPois∞}
 58489 | Trove    | Identified Roxanne's Compendium of Stones and Moulding
 58506 | Trove    | Identified Sif Muna's Incunabulum of Earthen Weightlessness
 58648 | Depths:1 | Entered Level 1 of the Depths
 58736 | Depths:1 | Found an iron altar of Okawaru.
 58744 | Depths:1 | Identified the +8 mace of Peril {flame, rElec rN+ rCorr
                  | Dex-5}
 59797 | Depths:1 | Reached XP level 24. HP: 244/244 MP: 36/36
 59825 | Depths:1 | Found a one-way gate leading to the halls of Pandemonium.
 59940 | Depths:1 | Found a gateway to Hell.
 60002 | Depths:1 | Found Gut Ill's Jewellery Shoppe.
 60003 | Depths:1 | Found Exiu's Book Boutique.
 60003 | Depths:1 | Found Cuonawk's Book Boutique.
 60011 | Depths:1 | Bought the amulet of Papseit {Reflect Str+6 SH+5} for 992
                  | gold pieces
 60123 | Depths:1 | Received a gift from Nemelex Xobeh
 60673 | Depths:2 | Found a gateway to a ziggurat.
 60690 | Depths:2 | Reached skill level 16 in Dodging
 60744 | Depths:2 | Received a gift from Nemelex Xobeh
 60800 | Depths:2 | Identified the +2 falchion "Wonen" {vorpal, rPois rF- rN+
                  | Stlth+}
 60848 | Depths:2 | Found a one-way gate to the infinite horrors of the Abyss.
 60971 | Depths:2 | Reached skill level 11 in Evocations
 61244 | Depths:2 | Noticed the Enchantress
 61251 | Depths:2 | Killed the Enchantress
 61395 | Depths:2 | Found a runed translucent gate.
 61395 | Depths:2 | Found a runed translucent gate.
 61395 | Depths:2 | Found a runed translucent gate.
 61509 | Depths:2 | Found a snail-covered altar of Cheibriados.
 61593 | Depths:2 | Found a runed translucent door.
 61597 | Depths:2 | Found a runed translucent door.
 61650 | Depths:2 | Acquired a manual of Armour
 61718 | Depths:2 | Noticed Yhiokeel's ghost (adept DrGl)
 61866 | Depths:2 | Found a viscous altar of Jiyva.
 61878 | Depths:2 | Reached skill level 21 in Fighting
 61878 | Depths:2 | Reached skill level 19 in Invocations
 61912 | Depths:2 | Killed Yhiokeel's ghost
 62215 | Depths:2 | Identified the +6 falchion of Hiez {venom, Str+3 Dex+5}
 62215 | Depths:2 | Identified the +10 arbalest of Pestilence {flame, rC+++
                  | MP-9 Int+5}
 62364 | Depths:2 | Identified the Tome of Venom and Lightness
 62494 | Depths:3 | Received a gift from Nemelex Xobeh
 62622 | Depths:3 | Reached skill level 17 in Dodging
 62835 | Depths:3 | Paralysed by a sphinx for 4 turns
 62848 | Depths:3 | Paralysed by a sphinx for 6 turns
 62851 | Depths:3 | Reached skill level 12 in Evocations
 63254 | Depths:2 | Identified the +10 shortbow of Vodka {vorpal, rPois rN+
                  | Dex+6}
 63436 | Depths:3 | Reached skill level 15 in Armour
 63436 | Depths:3 | Received a gift from Nemelex Xobeh
 63767 | Depths:3 | Identified the +2 robe of the Tundras {rElec rF- rN+++
                  | Will+ Str+3}
 63835 | Depths:3 | Found a runed translucent gate.
 63836 | Depths:3 | Found a runed translucent gate.
 63836 | Depths:3 | Found an ancient bone altar of Kikubaaqudgha.
 63837 | Depths:3 | Found a runed translucent gate.
 63838 | Depths:3 | Noticed crabbyslav's ghost (veteran DsGl)
 63839 | Depths:3 | Noticed a dread lich
 63854 | Depths:3 | Reached XP level 25. HP: 245/259 MP: 35/36
 64130 | Depths:3 | Received a gift from Nemelex Xobeh
 64137 | Depths:3 | Found a shimmering blue altar of Sif Muna.
 64508 | Depths:3 | Killed crabbyslav's ghost
 64511 | Depths:3 | Killed a dread lich
 64888 | Depths:3 | Identified the ring "Qirest" {rC+ rN+ Will- rCorr EV+4}
 64893 | Depths:3 | Identified the +2 pair of gloves of Lukyuw {Harm rF++ rC+
                  | Int-2}
 64897 | Depths:3 | Identified the +8 short sword of Yhamusun {vorpal, rC+}
 64995 | Depths:4 | Reached skill level 22 in Fighting
 64997 | Depths:4 | Reached skill level 20 in Invocations
 65249 | Depths:4 | Noticed Saint Roka
 65272 | Depths:4 | Killed Saint Roka
 65713 | Depths:4 | Found a radiant altar of Vehumet.
 65767 | Depths:4 | Reached skill level 18 in Dodging
 65871 | Depths:4 | Received a gift from Nemelex Xobeh
 65890 | Depths:4 | Found an iron altar of Okawaru.
 65969 | Depths:4 | Reached skill level 16 in Armour
 65970 | Depths:4 | Reached skill level 13 in Evocations
 66172 | Depths:4 | Identified the +10 quarterstaff "Nety" {freeze, +Rage Will+
                  | Int-2 Stlth+}
 66383 | Depths:4 | Received a gift from Nemelex Xobeh
 66538 | Depths:5 | Entered Level 5 of the Depths
 66551 | Depths:5 | Found a broken altar of Ashenzari.
 66885 | Depths:5 | Paralysed by a floating eye for 2 turns
 66966 | Depths:5 | Received a gift from Nemelex Xobeh
 66994 | Depths:5 | Found a runed translucent door.
 66998 | Depths:5 | Noticed Mennas
 67012 | Depths:5 | Killed Mennas
 67674 | Depths:5 | Found a gate to the Realm of Zot.
 67838 | Depths:5 | Noticed Boris
 67852 | Depths:5 | Killed Boris
 68030 | Depths:5 | Received a gift from Nemelex Xobeh
 68446 | Vaults:5 | Entered Level 5 of the Vaults
 68451 | Vaults:5 | Gained mutation: You are extremely robust. (+30% HP)
                  | [demonic ancestry]
 68451 | Vaults:5 | Reached XP level 26. HP: 218/285 MP: 32/37
 68454 | Vaults:5 | Reached skill level 17 in Armour
 68457 | Vaults:5 | Reached skill level 23 in Fighting
 68506 | Vaults:5 | Noticed an ancient lich
 68512 | Vaults:5 | Killed an ancient lich
 68513 | Vaults:5 | Reached skill level 21 in Invocations
 68635 | Vaults:5 | Reached skill level 19 in Dodging
 68683 | Vaults:5 | Identified the +3 glaive of Death {vorpal, Drain *Slow rF++
                  | rC+++}
 69321 | Vaults:5 | Reached skill level 14 in Evocations
 69892 | Vaults:5 | Noticed a dread lich
 69900 | Vaults:5 | Killed a dread lich
 69901 | Vaults:5 | Reached skill level 18 in Armour
 70059 | Vaults:5 | Received a gift from Nemelex Xobeh
 70179 | Vaults:5 | Noticed Mara
 70195 | Vaults:5 | Noticed EnegeticOcto's illusion
 70197 | Vaults:5 | Killed Mara
 70319 | Vaults:5 | Received a gift from Nemelex Xobeh
 70359 | Vaults:5 | Reached skill level 24 in Fighting
 70439 | Vaults:5 | Found Jidde's Book Boutique.
 70473 | Vaults:5 | Reached skill level 22 in Invocations
 70609 | Vaults:5 | Reached skill level 15 in Evocations
 70802 | Vaults:5 | Got a silver rune of Zot
 70854 | Vaults:5 | Found Amoab's Distillery.
 70862 | Vaults:5 | Bought a potion of magic for 168 gold pieces
 70862 | Vaults:5 | Bought a potion of magic for 168 gold pieces
 70862 | Vaults:5 | Bought a potion of mutation for 168 gold pieces
 70862 | Vaults:5 | Bought a potion of cancellation for 168 gold pieces
 70862 | Vaults:5 | Bought a potion of haste for 210 gold pieces
 70862 | Vaults:5 | Bought a potion of haste for 210 gold pieces
 70862 | Vaults:5 | Bought a potion of haste for 210 gold pieces
 70862 | Vaults:5 | Bought a potion of haste for 210 gold pieces
 70862 | Vaults:5 | Bought a potion of curing for 63 gold pieces
 70920 | Vaults:5 | Reached XP level 27. HP: 310/310 MP: 38/38
 71323 | Zot:1    | Entered Level 1 of the Realm of Zot
 71741 | Zot:2    | Reached skill level 20 in Dodging
 72034 | Zot:3    | Reached skill level 25 in Fighting
 72652 | Zot:2    | Reached skill level 23 in Invocations
 73488 | Zot:3    | Identified the +10 ice dragon scales of Beogh's Pride
                  | {rPois rF- rC++}
 73754 | Zot:4    | Received a gift from Nemelex Xobeh
 74341 | Zot:5    | Entered Level 5 of the Realm of Zot
 74347 | Zot:5    | Received a gift from Nemelex Xobeh
 74796 | Zot:5    | Reached skill level 24 in Invocations
 76342 | Zot:5    | Noticed an orb of fire
 76342 | Zot:5    | Gained mutation: You are dopey. (Int -2) [an orb of fire]
 76351 | Zot:5    | Lost mutation: You are dopey. (Int -2) [an orb of fire]
 76354 | Zot:5    | Gained mutation: You are clumsy. (Dex -2) [an orb of fire]
 76358 | Zot:5    | Killed an orb of fire
 76359 | Zot:5    | Noticed an orb of fire
 76364 | Zot:5    | Identified the +3 demon trident "Ypaoxtym" {elec, rPois}
 76374 | Zot:5    | Killed an orb of fire
 76405 | Zot:5    | Reached skill level 26 in Fighting
 76463 | Zot:5    | Noticed an orb of fire
 76476 | Zot:5    | Killed an orb of fire
 76507 | Zot:5    | Received a gift from Nemelex Xobeh
 76513 | Zot:5    | Identified the +3 demon trident of Xoyxky Wali {venom,
                  | Int+4}
 76520 | Zot:5    | Reached skill level 25 in Invocations
 76709 | Zot:5    | Acquired a manual of Dodging
 77027 | Zot:5    | Got the Orb of Zot
 77212 | Zot:1    | Noticed a seraph
 77528 | D:8      | Noticed Boris
 77641 | D:$      | Escaped with the Orb!

Illustrated notes

Levels and vault maps discovered:
D:1:      ebering_hopf_link, layout_basic
D:2:      layout_rooms, shapermc_ecumenical_altar_totnotflames,
          minmay_fountain_box, uniq_natasha
D:3:      layout_rooms, minmay_tree_intersection,
          hangedman_abyss_or_decor_stabs, minmay_misc_feat_encased,
          minmay_door_square, grunt_ministairs_12, uniq_ijyb
D:4:      layout_loops_corners, nemelex_dance_club_becter,
          minmay_temple_entry_statues_pillars, uniq_crazy_yiuf_cottage
D:5:      lemuel_insect_pit, layout_basic, dk_yredelemnul_ordeal, minitemple,
          serial_shops, nicolae_shop_waterfront, minivault_27,
          uniq_prince_ribbit1
D:6:      layout_basic, lemuel_doored_altar, kennysheep_diamond,
          chequers_garden, uniq_duvessa, uniq_pikel
D:7:      layout_loops_ring, minmay_unpleasant_kobolds, uniq_harold, uniq_joseph
D:8:      minmay_the_grid_triangle_9x9_rhombus_thin
          [minmay_the_grid_triangle_9x9_odd_lines,
          minmay_the_grid_triangle_9x9_prize_special,
          minmay_the_grid_triangle_9x9_thin_v,
          minmay_the_grid_triangle_9x9_sparse_checkered], layout_cave_pods
D:9:      layout_loops_ring, xom_butterflies, serial_shops, shop,
          chequers_serial_rivers_room_a
D:10:     layout_cave_pools, marbit_many_paths, erik_lair_island, uniq_maggie,
          uniq_maurice
D:11:     layout_cave_pools, grunt_ministairs_11, serial_bayou_lagoon_b
D:12:     layout_basic
D:13:     layout_grid_maze, erik_vaults_2, portal_ice_cave_entry_ice_beasts,
          fedhas_altar_1, uniq_frances
D:14:     minmay_inside_and_out, layout_basic, nicolae_dithmenos_shadow_blocks,
          uniq_azrael, uniq_nessos, uniq_louise
D:15:     gammafunk_depths_entry_grave, layout_irregular_city
Temple:   cyrus_circular_temple
Lair:1:   layout_big_grid, serial_bayou, serial_bayou_lagoon_a,
          serial_bayou_pond_d, serial_bayou_shore_a, serial_bayou_pond_d,
          nicolae_volcano_entry_lava_flow, grunt_megastairs_1, uniq_erica
Lair:2:   layout_loops_ring
Lair:3:   layout_loops_ring, hellmonk_ghost_happy_afterlife,
          chequers_serial_rivers_large_b, lemuel_fruit_fields,
          infiniplex_staircase_pool, uniq_urug
Lair:4:   layout_regular_city, swamp_mist, spider_nest_entry_web_field,
          cheibrodos_lair_lostbears, infiniplex_staircase_pool_2
Lair:5:   layout_regular_city, slime_altar_2, lemuel_fruit_tree
Lair:6:   cheibrodos_lair_end_hotspot, layout_small_grid
Swamp:1:  layout_falls_marsh, nicolae_swamp_small_spring, swamp_pool1,
          nicolae_swamp_dense_foliage, uniq_kirke
Swamp:2:  layout_falls_marsh, evilmike_swamp_ruin_house_1
Swamp:3:  layout_falls_marsh, evilmike_swamp_ruin_house_2
Swamp:4:  swamp, layout_basic_swamp
Spider:1: layout_spider_delve
Spider:2: layout_spider_delve
Spider:3: layout_spider_delve, uniq_nikola
Spider:4: grunt_spider_rune_parallel, gammafunk_ghost_split, drop_trap,
          uniq_arachne
Orc:1:    layout_caves, serial_shops, shop, mines2_david
Orc:2:    grunt_orc_gardens, layout_caves, grunt_orc_garden, grunt_orc_garden,
          grunt_orc_garden, grunt_orc_garden, nicolae_orc_bridge_out,
          guppyfry_orc_lava_fort
Elf:1:    eino_elf_arrival_customs, layout_loops_corners, serial_shops,
          shop_statue, hangedman_elf_disciples,
          hangedman_elven_crosses_minicolossus
Elf:2:    layout_gridlike, small_chamber_with_monster
Elf:3:    grunt_elf_hall_asides, layout_loops_corners
Vaults:1: advil_vaults_ghost_guards, st_smaller_cells,
          nicolae_vaults_puzzle_piece, nicolae_vaults_little_squares_4,
          nicolae_vaults_border_crossing,
          nicolae_vaults_windows_and_doors_thing, hangedman_vaults_impose,
          serial_ice_g, hangedman_vaults_slice, v_pattern_2,
          vaults_room_grunt_arrival_ludios, vaults_room_stairs_pillars,
          vaults_room_pools, vaults_room_stairs_pillars, v_misc_13,
          layout_vaults_big_cross, serial_shops, nicolae_shop_stone
Vaults:2: gammafunk_vaults_ghost_fury_of_okawaru, v_misc_29,
          minmay_crypt_entry_necro_gods, vaults_mumra_hexcomb, v_misc_24,
          vaults_room_pool, v_misc_8, hangedman_vaults_cutoff, v_misc_25,
          vaults_dpeg_encased_lava, layout_vaults_chaotic_city
Vaults:3: nicolae_vaults_little_squares_6,
          nicolae_vaults_good_morning_starshine, nicolae_vaults_big_ls,
          vaults_mumra_lcd, hangedman_vaults_trim, v_misc_2,
          nicolae_vaults_alarming, ontoclasm_vaults_gateway, v_misc_3,
          ontoclasm_vaults_eye, layout_vaults_omnigrid, uniq_sojobo
Vaults:4: v_misc_31, v_misc_19, ontoclasm_vaults_idyll,
          nicolae_vaults_inception_corners, hangedman_vaults_hat,
          hangedman_vaults_unwind, nicolae_vaults_puzzle_piece,
          dpeg_vaults_monster_row, ontoclasm_vaults_shuriken, sword_in_stone,
          ontoclasm_vaults_pinch, layout_vaults_maze_bifur, enter_trove_2
Vaults:5: serial_shops, uniq_mara
Depths:1: kennysheep_bubbly, layout_basic, hell_entry,
          okawaru_ov_weapons_minmay, grunt_pan_entry_in_and_out,
          kennysheep_generic_room_11, minmay_shop_grove
Depths:2: minmay_expanding_circles, layout_gridlike, enter_ziggurat_e,
          abyss_entry, gammafunk_ghost_ooze, pf_hell_entry_tar_spiral,
          cheibriados_altar_1, minmay_staircase_statues_hall_small,
          uniq_enchantress
Depths:3: minmay_ornate_pinched, layout_honeycomb, serial_bayou_pond_c,
          rand_demon_pan_entry_7, gammafunk_ghost_crypt, hell_entry, tgw_sif,
          infiniplex_staircase_split_hallway, serial_bayou_shore_b
Depths:4: evilmike_iron_armoury, layout_basic,
          nicolae_abyss_entry_one_way_or_another, fiery_altar_vehumet,
          hangedman_coc_ice_floe, infiniplex_staircase_pillars_3b,
          uniq_saint_roka
Depths:5: grunt_zot_entry_bicorn, layout_gridville, hell_entry,
          ashenzari_conservatory_becter, minmay_misc_feat_diagonals,
          minmay_misc_feat_tiny, chequers_serial_rivers_micro_b,
          grunt_ministairs_7, minmay_misc_feat_chi, lemuel_angel_altar,
          uniq_boris, uniq_mennas
Zot:1:    layout_onion_interference, st_stairs_7
Zot:2:    layout_gridlike
Zot:3:    layout_cathedral_of_symmetry, lemuel_flame_loot_1, uniq_tiamat
Zot:4:    layout_gridlike
Zot:5:    layout_cathedral_of_symmetry

Skill      XL: |  1  2  3  4  5  6  7  8  9 10 11 12 13 14 15 16 17 18 19 20 21 22 23 24 25 26 27 |
---------------+----------------------------------------------------------------------------------+-----
Maces & Flails | 2 3 4 6 8 10 12 13 14 16 | 16.0
Invocations    | 1 3 6 8 10 12 13 14 15 16 18 19 20 22 25 | 25.4
Fighting       | 6 8 10 12 14 15 18 20 21 22 24 26 | 26.3
Evocations     | 4 6 10 12 13 15 | 15.0
Dodging        | 2 4 5 8 9 12 15 17 18 19 20 | 20.0
Armour         | 4 5 8 9 10 11 13 14 15 16 18 | 18.0
Shields        | 3 6 10 13 15 | 15.0

Action                   |  1- 3 |  4- 6 |  7- 9 | 10-12 | 13-15 | 16-18 | 19-21 | 22-24 | 25-27 || total
-------------------------+-------+-------+-------+-------+-------+-------+-------+-------+-------++-------
Melee: Flail             |    94 |   110 |   222 |    39 |       |       |       |       |       ||   465
       Whip              |       |    50 |    62 |       |       |       |       |       |       ||   112
       Mace              |       |    27 |       |       |       |       |       |       |       ||    27
       Dire flail        |       |       |       |   201 |       |       |       |       |       ||   201
       Eveningstar       |       |       |       |   252 |  1155 |   626 |  1241 |  1576 |  1485 ||  6335
       Unarmed           |       |       |       |       |       |       |     1 |       |       ||     1
 Fire: Longbow           |       |       |       |     1 |       |       |       |       |       ||     1
Throw: Dart              |     7 |     3 |     3 |    36 |       |     2 |       |       |       ||    51
       Throwing net      |       |       |       |       |       |       |       |       |     1 ||     1
Invok: Draw Destruction  |       |       |     2 |     1 |    16 |    14 |    11 |    12 |     7 ||    63
       Draw Escape       |       |       |     2 |       |       |       |       |       |       ||     2
       Draw Summoning    |       |       |       |     2 |     3 |     3 |       |       |     9 ||    17
       Stack Five        |       |       |       |       |       |       |     1 |       |       ||     1
       Draw Stack        |       |       |       |       |       |       |       |       |     2 ||     2
       Deal Four         |       |       |       |       |       |       |       |       |     1 ||     1
Evoke: Wand              |       |       |     2 |    24 |    19 |    10 |     7 |     9 |    21 ||    92
       Tin of tremorston |       |       |       |       |     6 |     2 |     9 |    12 |     4 ||    33
       Piece from Xom's  |       |       |       |       |     1 |       |       |       |       ||     1
       Condenser vane    |       |       |       |       |     1 |     2 |     3 |     6 |     6 ||    18
       Phial of floods   |       |       |       |       |       |       |       |     1 |       ||     1
       Phantom mirror    |       |       |       |       |       |       |       |     1 |       ||     1
  Use: Scroll            |     1 |     3 |     5 |    12 |    11 |     3 |     4 |     7 |    11 ||    57
       Potion            |       |     2 |       |       |     1 |     6 |     1 |       |    14 ||    24
 Stab: Paralysed         |       |       |     7 |    18 |     4 |     2 |       |       |     1 ||    32
       Petrified         |       |       |       |       |     6 |       |       |       |     3 ||     9
       Distracted        |       |       |       |       |       |     1 |     1 |       |       ||     2
       Held in net/web   |       |       |       |       |       |       |       |       |     1 ||     1
Armor: Scale mail        |    36 |    33 |       |       |       |       |       |       |       ||    69
       Chain mail        |       |    35 |   117 |   224 |   375 |   279 |   367 |   421 |       ||  1818
       Skin              |       |       |       |     6 |       |       |     2 |       |    32 ||    40
       Gold dragon scale |       |       |       |       |       |       |       |    69 |   641 ||   710
       Plate armour      |       |       |       |       |       |       |       |     8 |       ||     8
Dodge: Dodged            |    26 |    44 |    45 |   132 |   306 |   199 |   270 |   508 |   586 ||  2116
Block: Kite shield       |    46 |    78 |   115 |   143 |   881 |   628 |   903 |  1359 |  1353 ||  5506
       Reflection        |       |       |       |       |    38 |     7 |    67 |    47 |    37 ||   196

Table legend: (Time is in decaauts)
 A = Elapsed time spent in this place.
 B = Non-inter-level travel time spent in this place.
 C = Inter-level travel time spent in this place.
 D = Time resting spent in this place.
 E = Time spent auto-exploring this place.
 F = Levels seen in this place.
 G = Mean time per level.
                   A        B        C        D        E       F      G
               +--------+--------+--------+--------+--------+-----+--------+
         Total |  76471 |  72258 |   4213 |  13512 |  45827 |  55 | 1390.4 |
       Dungeon |  20740 |  19036 |   1704 |   3252 |  12548 |  15 | 1382.7 |
        Temple |     59 |     59 |      0 |      0 |      1 |   1 |   59.0 |
          Lair |   8091 |   7615 |    476 |    822 |   5720 |   6 | 1348.5 |
         Swamp |   3934 |   3779 |    155 |    499 |   2662 |   4 |  983.5 |
   Spider Nest |   5544 |   5398 |    146 |   1007 |   3521 |   4 | 1386.0 |
  Orcish Mines |   2787 |   2568 |    219 |    162 |   1959 |   2 | 1393.5 |
   Elven Halls |   5386 |   5199 |    187 |    882 |   3526 |   3 | 1795.3 |
        Vaults |  12638 |  12018 |    620 |   1179 |   8566 |   5 | 2527.6 |
        Depths |   9843 |   9242 |    601 |   1316 |   6420 |   5 | 1968.6 |
           Zot |   5461 |   5358 |    103 |   3630 |    620 |   5 | 1092.2 |
         Abyss |    706 |    706 |      0 |    120 |    180 |   2 |  353.0 |
         Trove |     60 |     60 |      0 |      0 |      0 |   1 |   60.0 |
      Ice Cave |    576 |    576 |      0 |    265 |     16 |   1 |  576.0 |
       Volcano |    639 |    639 |      0 |    376 |     86 |   1 |  639.0 |
               +--------+--------+--------+--------+--------+-----+--------+

Top non-repeatable levels by time:
Vaults:3: 3179 daAuts
Depths:2: 2774 daAuts
Vaults:1: 2677 daAuts
   Zot:5: 2667 daAuts
   Elf:3: 2570 daAuts
Vaults:5: 2492 daAuts
Vaults:4: 2308 daAuts
    D:11: 2097 daAuts
Depths:3: 2078 daAuts
   Elf:1: 2027 daAuts
Vaults:2: 1981 daAuts
   Orc:2: 1898 daAuts
Depths:5: 1880 daAuts
  Lair:6: 1785 daAuts
Spider:4: 1668 daAuts
